 Dungeon Crawl Stone Soup version 0.30.0-29-ga12c61a403 (webtiles) character file.

Game seed: 3599628717167030553

3553 seaoflcl the Shield-Bearer (level 9, 0/80 HPs)
             Began as a Minotaur Fighter on June 9, 2023.
             Was an Elder of Okawaru.
             Succumbed to a hornet's poison
             ... on level 8 of the Dungeon.
             The game lasted 00:09:59 (6982 turns).

seaoflcl the Shield-Bearer (Minotaur Fighter)       Turns: 6982, Time: 00:10:00

Health: 0/80       AC: 13    Str: 26    XL:     9   Next: 83%
Magic:  3/8        EV:  8    Int:  5    God:    Okawaru [****..]
Gold:   461        SH:  6    Dex: 15    Spells: 8/8 levels left

rFire   + . .        L - +5 mace
rCold   . . .        c - +0 buckler
rNeg    . . .        e - +0 chain mail
rPois   .            h - +0 hat
rElec   .            v - +0 cloak
rCorr   .            t - +0 pair of gloves
SInv    .            (no boots)
Will    .....        D - amulet of guardian spirit Stlth
                     i - ring of protection from fire
HPRegen 0.33/turn    p - +6 ring of dexterity
MPRegen 0.11/turn

%: guardian spirit
@: brilliant, lethally poisoned (0 -> -37), slowed, very slow
A: horns 2, retaliatory headbutt
a: Renounce Religion, Heroism, Finesse


You were on level 8 of the Dungeon.
You worshipped Okawaru.
Okawaru was greatly pleased with you.
You visited 2 branches of the dungeon, and saw 9 of its levels.

You collected 461 gold pieces.

Inventory:

Hand Weapons
 a - a +3 hand axe of freezing
 b - a +3 spear of freezing
 n - a +2 antimagic hand axe
 r - a +0 vampiric scimitar
 C - the +8 whip of Wu Jian's Reproof {freeze, *Slow Int+6 SInv Stlth+}
   (You found it on level 5 of the Dungeon)

   Int:       It affects your intelligence (+6).
   SInv:      It lets you see invisible.
   *Slow:     It may slow you when you take damage.
   Stlth:     It makes you more stealthy.
 E - a +2 morningstar
 I - a +0 falchion of holy wrath
 J - a +2 heavy scimitar
 K - a +5 long sword
 L - a +5 mace (weapon)
Missiles
 l - 21 poisoned darts (quivered)
 F - 5 atropa-tipped darts
Armour
 c - a +0 buckler (worn)
 e - a +0 chain mail (worn)
 h - a +0 hat (worn)
 t - a +0 pair of gloves (worn)
 v - a +0 cloak (worn)
Jewellery
 i - a ring of protection from fire (left hand)
 j - an amulet of faith
 p - a +6 ring of dexterity (right hand)
 s - an amulet of reflection
 D - an amulet of guardian spirit (around neck)
Wands
 B - a wand of iceblast (6)
 M - a wand of light (12)
Scrolls
 g - a scroll of enchant armour
 k - 2 scrolls of blinking
 m - 3 scrolls of magic mapping
 q - 2 scrolls of teleportation {unknown}
 u - a scroll of enchant weapon {unknown}
 w - a scroll of amnesia {unknown}
 x - 3 scrolls of vulnerability {unknown}
 y - a scroll of fear {unknown}
 z - a scroll of fog {unknown}
 A - a scroll of noise {unknown}
 H - a scroll of butterflies {unknown}
Potions
 d - a potion of might
 f - a potion of mutation
 o - a potion of ambrosia


   Skills:
 + Level 7.7 Fighting
 + Level 0.1 Long Blades
 - Level 6.9(8.4) Axes
 * Level 7.2(8.5) Maces & Flails
 + Level 5.4 Throwing
 + Level 7.8 Armour
 + Level 7.9 Shields


You had 8 spell levels left.
You didn't know any spells.
Your spell library contained the following spells:

 Spells                   Type           Power      Damage    Failure   Level
 Foxfire                  Conj/Fire      0%         2x1d4     95%         1
 Sting                    Tmut/Pois      0%         1d3       95%         1
 Poisonous Vapours        Pois/Air       0%         N/A       98%         2
 Stone Arrow              Conj/Erth      0%         3d7       100%        3
 Olgreb's Toxic Radiance  Pois           0%         N/A       100%        4
 Fireball                 Conj/Fire      0%         3d3       100%        5
 Plasma Beam              Fire/Air       0%         2x1d11    100%        6
 Starburst                Conj/Fire      0%         6d3       100%        6
 Lehudib's Crystal Spear  Conj/Erth      0%         10d2      100%        8
 Animate Armour           Summ/Erth      Unusable   N/A       N/A         4

Dungeon Overview and Level Annotations

Branches:
Dungeon (8/15)             Temple (1/1) D:4
   Lair: D:8-11

Altars:
Ashenzari
Cheibriados
Dithmenos
Elyvilon
Fedhas
Hepliaklqana
Makhleb
Nemelex Xobeh
Okawaru
Qazlal
Ru
Sif Muna
Trog
Uskayaw
Wu Jian
Yredelemnul
Zin
The Shining One

Shops:
D:2 *(   D:4 *

Annotations:
D:8 1 runed translucent door


Innate Abilities, Weirdness & Mutations

You have a pair of horns on your head.
You reflexively headbutt those who attack you in melee.


Message History

The hornet stings you but does no damage.
The bullfrog hits you. The hornet stings you!
You feel yourself slow down. The hornet attacks as you move away!
The hornet stings you but does no damage.
The hornet stings you!
You feel as though you will be slow longer.
The hornet attacks as you move away! The hornet stings you.
You are poisoned.
You feel as though you will be slow longer.
You feel very sick. The hornet barely misses you.
You barely miss the hornet.
You headbutt the hornet, but do no damage.
You feel sick.
The hornet stings you but does no damage.
You block the hornet's attack.
You sock the hornet!
The hornet is moderately wounded.
You feel yourself speed up.
You feel sick.
The hornet stings you but does no damage.
The hornet stings you!
You are more poisoned.
You feel yourself slow down. The hornet stings you!
You are more poisoned.
You feel as though you will be slow longer.
You hit the hornet. Your headbutt misses the hornet.
The hornet is moderately wounded.
You feel very sick. The hornet stings you.
* * * LOW HITPOINT WARNING * * *
You are lethally poisoned!
You feel as though you will be slow longer.
The hornet stings you.
* * * LOW HITPOINT WARNING * * *
You are more poisoned.
You feel as though you will be slow longer.
It was a potion of brilliance.
You feel clever all of a sudden.
You die...

#.# #.#.# #.#
#.#.# .._.
#...+ ...
##..# ######
#..# #....##
##.##......#
#..##....#
#...#8..8#^..
#..@yFo......
########.....
###


You could see a hornet, a bullfrog and an orc.

Vanquished Creatures
  Maggie (D:6)
  An unseen horror (D:6)
  A water moccasin (D:7)
  A sky beast (D:7)
  2 ice beasts
  2 black bears
  5 ogres
  2 phantoms
  A gnoll sergeant (D:7)
  3 kobold brigands
  A scorpion (D:5)
  10 wights
  3 howler monkeys
  2 jellies
  3 hounds
  5 orc priests
  3 iguanas
  7 orc wizards
  3 sleepcaps (D:4)
  14 gnolls
  An adder (D:3)
  4 white imps
  A shadow imp (D:6)
  3 ufetubi
  6 dart slugs
  24 orcs
  6 endoplasms
  3 giant cockroaches
  4 goblins
  7 hobgoblins
  4 quokkas
  6 ball pythons
  3 bats
  2 frilled lizards
  18 kobolds
  5 rats
167 creatures vanquished.

Notes
Turn   | Place    | Note
-------+----------+-------------------------------------------
     0 | D:1      | seaoflcl the Minotaur Fighter began the quest for the Orb.
     0 | D:1      | Reached XP level 1. HP: 19/19 MP: 0/0
     0 | D:1      | Noticed an ogre
     0 | D:1      | Noticed a tengu
     1 | D:1      | Noticed a troll
     3 | D:1      | Noticed a vampire
     6 | D:1      | Noticed a felid
     9 | D:1      | Noticed a troll
    11 | D:1      | Noticed a spriggan
    13 | D:1      | Noticed a gargoyle
    13 | D:1      | Noticed a ghoul
    15 | D:1      | Noticed an elf
    15 | D:1      | Noticed a ghoul
    17 | D:1      | Noticed an ogre
    17 | D:1      | Noticed a tengu
    19 | D:1      | Noticed a draconian
    21 | D:1      | Noticed a ghoul
   205 | D:1      | Reached XP level 2. HP: 27/27 MP: 1/1
   602 | D:2      | Found Niutaol's Antique Weapon Shoppe.
   693 | D:2      | Found Puroa's Assorted Antiques.
   699 | D:2      | Reached XP level 3. HP: 32/33 MP: 2/2
   992 | D:2      | Found a white marble altar of Elyvilon.
  1199 | D:3      | Reached XP level 4. HP: 38/40 MP: 1/3
  1338 | D:3      | Reached skill level 1 in Throwing
  1913 | D:4      | Reached XP level 5. HP: 47/47 MP: 1/4
  1985 | D:4      | Found a staircase to the Ecumenical Temple.
  2000 | D:4      | Found Zin's Purification Station.
  2003 | Temple   | Entered the Ecumenical Temple
  2220 | Temple   | Became a worshipper of Warmaster Okawaru
  2501 | Temple   | Reached XP level 6. HP: 53/53 MP: 1/5
  2618 | D:4      | Reached skill level 5 in Axes
  2650 | D:4      | Found a glowing silver altar of Zin.
  2699 | D:4      | Reached skill level 5 in Armour
  2699 | D:4      | Reached skill level 5 in Shields
  2986 | D:4      | Reached * piety under Okawaru
  2987 | D:4      | Reached skill level 5 in Fighting
  3301 | D:4      | Found a snail-covered altar of Cheibriados.
  3520 | D:5      | Entered Level 5 of the Dungeon
  3547 | D:5      | Reached XP level 7. HP: 53/61 MP: 2/6
  4418 | D:5      | Reached XP level 8. HP: 64/70 MP: 2/7
  4439 | D:5      | Identified the +8 whip of Wu Jian's Reproof {freeze, *Slow
                  | Int+6 SInv Stlth+}
  4585 | D:6      | Reached skill level 1 in Maces & Flails
  4632 | D:6      | Reached ** piety under Okawaru
  4924 | D:6      | Noticed an unseen horror
  4935 | D:6      | Killed an unseen horror
  4935 | D:6      | Reached *** piety under Okawaru
  4936 | D:6      | Reached XP level 9. HP: 76/78 MP: 8/8
  5451 | D:6      | Reached skill level 5 in Maces & Flails
  5565 | D:6      | Noticed Maggie
  5584 | D:6      | Killed Maggie
  5966 | D:7      | Reached skill level 5 in Throwing
  6110 | D:7      | Found a hide-covered altar of Uskayaw.
  6147 | D:7      | Found a stormy altar of Qazlal.
  6206 | D:7      | Found a sacrificial altar of Ru.
  6773 | D:8      | Found a runed translucent door.
  6801 | D:8      | Reached **** piety under Okawaru
  6973 | D:8      | Found a hazy altar of Hepliaklqana.
  6982 | D:8      | Succumbed to a hornet's poison

Illustrated notes

Levels and vault maps discovered:
D:1:      shiori_arrival_whats_in_store_for_you, layout_basic,
          serial_bayou_lagoon_b
D:2:      layout_loops_ring, basic_altar, serial_shops, nicolae_diamond_shop,
          nicolae_shop_temple_entry_statues_fountains
D:3:      layout_loops_ring
D:4:      layout_loops_ring, kennysheep_slug_shrine, zin_purify,
          minmay_temple_entry_overgrown, hellmonk_no_cap
D:5:      layout_rooms
D:6:      layout_cave_pools, nicolae_kite_square_tiling_tiny, uniq_maggie
D:7:      layout_loops_cross, mainiacjoe_overflow_brackets,
          mainiacjoe_overflow_concentric_impassable, grunt_qazlal_sundering,
          grunt_decor_mini_mirrors
D:8:      layout_loops_corners, jmf_multi_god_temple, lemuel_tele_altar,
          ebering_ghost_reflecting_pool, chequers_serial_rivers_micro_c
Temple:   nicolae_temple_ecumenical_triangle

Skill      XL: |  1  2  3  4  5  6  7  8  9 |
---------------+----------------------------+-----
Axes           | 3 4 5 6 |  6.9
Armour         | 4 5 6 7 |  7.8
Shields        | 4 5 6 7 |  7.9
Fighting       | 4 5 6 7 |  7.7
Throwing       | 1 2 3 4 5 |  5.4
Maces & Flails | 4 7 |  7.2
Long Blades    | |  0.1

Action                     |  1- 3 |  4- 6 |  7- 9 || total
---------------------------+-------+-------+-------++-------
  Melee: War axe           |    84 |       |       ||    84
         Headbutt          |     5 |    22 |    53 ||    80
         Hand axe          |     9 |   120 |    63 ||   192
         Whip              |       |       |   183 ||   183
         Mace              |       |       |    11 ||    11
  Throw: Dart              |       |       |     4 ||     4
    Use: Scroll            |       |     4 |     1 ||     5
         Potion            |       |       |     4 ||     4
 Armour: Scale mail        |     5 |       |       ||     5
         Chain mail        |    44 |    59 |   119 ||   222
  Dodge: Dodged            |    44 |    48 |    90 ||   182
  Block: Buckler           |    23 |    32 |    66 ||   121
